 Dungeon Crawl Stone Soup version 0.29.0-11-gd7f09526c8 (webtiles) character file.

Game seed: 11826787048077958091

98 pacmanke6689 the Sneak (level 4, -1/21 HPs)
             Began as a Spriggan Enchanter on Sept 6, 2022.
             Killed by divine providence
             ... invoked by an orc priest
              (15 damage)
             ... on level 2 of the Dungeon.
             The game lasted 00:05:27 (1903 turns).

pacmanke6689 the Sneak (Spriggan Enchanter)         Turns: 1903, Time: 00:05:28

Health: -1/21      AC:  2    Str:  4    XL:     4   Next: 44%
Magic:  2/9        EV: 17    Int: 16    God:
Gold:   69         SH:  0    Dex: 17    Spells: 7/9 levels left

rFire   . . .      SeeInvis +   a - +1 dagger
rCold   . . .      Faith    .   (no shield)
rNeg    . . .      Spirit   .   b - +0 robe
rPois   .          Reflect  .   (helmet restricted)
rElec   .          Harm     .   (no cloak)
rCorr   .          Rampage  .   (gloves unavailable)
Will    .....                   (boots unavailable)
Stlth   +++.......              (no amulet)
HPRegen 0.07/turn               (no ring)
MPRegen 0.11/turn               (no ring)

@: invisible, very quick
A: very small, no large weapons, unfitting armour, see invisible, speed 3
a: no special abilities


You were on level 2 of the Dungeon.
You visited 1 branch of the dungeon, and saw 2 of its levels.

You collected 69 gold pieces.

Inventory:

Hand Weapons
 a - a +1 dagger (weapon)
Armour
 b - a +0 robe (worn)
Scrolls
 f - a scroll of noise
 i - a scroll of teleportation
 k - a scroll of vulnerability {unknown}
Potions
 d - a potion of heal wounds {unknown}
 g - a potion of resistance {unknown}
 h - a potion of curing {unknown}
 j - a potion of degeneration {unknown}


   Skills:
 + Level 0.1 Fighting
 + Level 2.2 Short Blades
 + Level 2.8 Dodging
 + Level 6.2 Stealth
 + Level 3.1 Spellcasting
 + Level 4.4 Hexes
 + Level 0.1 Ice Magic


You had 7 spell levels left.
You knew the following spells:

 Your Spells              Type           Power      Damage    Failure   Level
a - Ensorcelled Hibernat  Hex/Ice        18%        N/A       11%         2

Your spell library contained the following spells:

 Spells                   Type           Power      Damage    Failure   Level
 Confusing Touch          Hex            16%        N/A       9%          3
 Tukima's Dance           Hex            16%        N/A       9%          3
 Magic Dart               Conj           8%         1d3       19%         1
 Dazzling Flash           Conj/Hex       18%        N/A       22%         3
 Call Imp                 Summ           2%         N/A       28%         2
 Ignite Poison            Fire/Tmut/Pois 2%         N/A       50%         3
 Mephitic Cloud           Conj/Pois/Air  2%         N/A       50%         3
 Freezing Cloud           Conj/Ice/Air   1%         6-21      99%         5


Dungeon Overview and Level Annotations

Branches:
Dungeon (2/15)

Altars:


Innate Abilities, Weirdness & Mutations

You are very small and have problems with some larger weapons.
You are too small for most types of armour.
You have supernaturally acute eyesight. (SInv)
You cover ground extremely quickly. (Speed+++)


Message History

Confirm with . or Enter, or press ? or * to list all spells.
You don't have enough magic to cast this spell.
Your magical contamination has completely faded away.
Okay, then.
You fade into invisibility!
You barely miss the orc. The orc misses you.
You hit the orc.
The orc is lightly wounded.
The orc closely misses you. The orc misses you.
You hit the orc but do no damage.
The orc is lightly wounded.
The orc closely misses you. The orc barely misses you.
The orc hits you with a +0 club.
You closely miss the orc.
The orc is lightly wounded.
You hit the orc.
The orc is heavily wounded.
The orc closely misses you. The orc misses you. The orc completely misses you.
You hit the orc.
You kill the orc!
The orc closely misses you. The orc completely misses you.
You closely miss the orc. The orc barely misses you.
The orc closely misses you.
You strike the helpless orc from behind!
You impale the orc!!
You kill the orc!
The orc hits you with a +0 club.
You closely miss the orc. The orc completely misses you.
You catch the helpless orc completely off-guard!
You puncture the orc!
You kill the orc!
You hit the orc priest but do no damage.
The orc priest hits you with a +0 club.
You hit the orc priest but do no damage.
The orc priest misses you.
You closely miss the orc priest.
The orc priest calls down the wrath of Beogh upon you.
Beogh smites you!
Ouch! That really hurt!
You die...

.......###########..#..#
#.................###.#
#()###.........#... #..#
########....## #..#
#.....#.. # #..# #.#.#.#.#
####.###..# ##.#......
.........o# #..###.... ###
####.##.)@#######.#.......
##.## #.).).....#.#.######
###...## #..######.#.#.#
.......# #..# #.#.#.#
###...## #.#..# #.#.#.# #
##.## #.#..# #.#.#.#
####.##### #.#..# #.#.#.#
....#.)..# #.#..# #.#.#.#
####.###.# #.#..# #.#.#.#


You could see an orc priest (unable to see you).

Vanquished Creatures
  Natasha (D:2)
  Terence (D:2)
  An adder (D:2)
  4 orcs (D:2)
  2 endoplasms
  A giant cockroach (D:1)
  3 hobgoblins
  A jackal (D:2)
  8 kobolds
  6 ball pythons
  3 bats
  5 frilled lizards
  4 rats
40 creatures vanquished.

Notes
Turn   | Place    | Note
-------+----------+-------------------------------------------
     0 | D:1      | pacmanke6689 the Spriggan Enchanter began the quest for the
                  | Orb.
     0 | D:1      | Reached XP level 1. HP: 9/9 MP: 5/5
   245 | D:1      | Reached XP level 2. HP: 4/13 MP: 6/6
   541 | D:1      | Found a faded altar of an unknown god.
   635 | D:1      | Reached skill level 5 in Stealth
   924 | D:2      | Noticed Natasha
   930 | D:2      | Killed Natasha
   931 | D:2      | Reached XP level 3. HP: 16/16 MP: 8/8
   966 | D:2      | Learned a level 2 spell: Ensorcelled Hibernation
  1036 | D:2      | Reached skill level 6 in Stealth
  1720 | D:2      | Noticed Terence
  1727 | D:2      | Killed Terence
  1728 | D:2      | Reached XP level 4. HP: 21/21 MP: 4/9
  1903 | D:2      | Killed from afar by an orc priest

Illustrated notes

Levels and vault maps discovered:
D:1:      wheals_arrival_shading, layout_loops_ring,
          shapermc_ecumenical_altar_notcrosses
D:2:      layout_loops_ring, uniq_terence, uniq_natasha

Skill      XL: |  1  2  3 |
---------------+----------+-----
Spellcasting   | 3 |  3.1
Stealth        | 5 6 |  6.2
Hexes          | 4 |  4.4
Short Blades   | 2 |  2.2
Fighting       | |  0.1
Dodging        | |  2.8
Ice Magic      | |  0.1

Action                   |  1- 3 |  4- 6 || total
-------------------------+-------+-------++-------
Melee: Dagger            |    71 |    18 ||    89
 Cast: Ensorcelled Hiber |    10 |     5 ||    15
  Use: Potion            |     1 |     1 ||     2
       Scroll            |     2 |       ||     2
 Stab: Sleeping          |    19 |     1 ||    20
       Invisible         |     1 |     2 ||     3
Armor: Robe              |     4 |       ||     4
Dodge: Dodged            |    41 |    23 ||    64
